 Dungeon Crawl Stone Soup version 0.28.0 (webtiles) character file.

Game seed: 4721648456478438938

81860 mopl the Nimble (level 15, -2/120 HPs)
             Began as a Gnoll Monk on Feb 8, 2022.
             Was an Initiate of Gozag.
             Slain by a vault guard (13 damage)
             ... on level 12 of the Dungeon.
             The game lasted 00:53:13 (28977 turns).

mopl the Nimble (Gnoll Monk)                       Turns: 28977, Time: 00:53:14

Health: -2/120     AC: 46    Str: 19    XL:     15   Next: 71%
Magic:  29/29      EV:  5    Int: 10    God:    Gozag
Gold:   4405       SH: 13    Dex: 12    Spells: 27/34 levels left

rFire   . . .      SeeInvis .   A - +2 broad axe (vamp)
rCold   + + .      Faith    .   h - +2 kite shield {AC+3}
rNeg    + . .      Spirit   .   l - +12 crystal plate armour of Twilight {Str+2}
rPois   .          Reflect  .   Q - +1 helmet
rElec   +          Harm     .   P - +0 cloak
rCorr   .          Rampage  .   E - +0 pair of gloves {hurl}
Will    ++...                   Y - +0 pair of boots
Stlth   ..........              o - amulet of the Air {Inacc Air Fly rElec RMsl}
HPRegen 0.30/turn               I - +4 ring of protection
MPRegen 0.21/turn               H - ring "Poetetun" {Wiz rC++ rN+ Will+ Dex-3}

@: flying, repel missiles
A: fangs 1, strong nose, distributed training
a: Renounce Religion, Potion Petition, Call Merchant, Bribe Branch


You were on level 12 of the Dungeon.
You worshipped Gozag.
Gozag was most pleased with you.
You visited 3 branches of the dungeon, and saw 21 of its levels.
You also visited: Gauntlet.

You collected 7429 gold pieces.
You spent 2544 gold pieces at shops.
You paid 480 gold pieces to Gozag.

Inventory:

Hand Weapons
 a - the +9 spear of the Final Decision {drain, rC- Will+ Str+3}
   (You found it on level 9 of the Dungeon)

   A truly terrible weapon, it drains the life of any living foe it strikes.
   Str:       It affects your strength (+3).
   rC:        It makes you vulnerable to cold.
   Will:      It increases your willpower.
 b - the +2 Maxwell's thermic engine {flame, freeze}
   (You found it in a Gauntlet)

   It burns those it strikes, dealing additional fire damage.
   Big, fiery blades are also staple armaments of hydra-hunters.
   It freezes those it strikes, dealing additional cold damage.
   It can also slow down cold-blooded creatures.
   It becomes more effective when it hits something.
   This effect fades over time.
 A - a +2 vampiric broad axe (weapon)
Missiles
 e - 2 throwing nets
 f - 19 boomerangs
 m - 4 curare-tipped darts
 n - 6 javelins
 u - 42 poisoned darts (quivered)
Armour
 h - a +2 kite shield of protection (worn)
 l - the +12 crystal plate armour of Twilight (worn) {Str+2}
   (You bought it in a shop on level 9 of the Dungeon)

   Str:       It affects your strength (+2).
 E - a +0 pair of gloves of hurling (worn)
 P - a +0 cloak (worn)
 Q - a +1 helmet (worn)
 Y - a +0 pair of boots (worn)
Jewellery
 o - the amulet of the Air (around neck) {Inacc Air Fly rElec RMsl}
   (You found it in a Gauntlet)

   [amulet of nothing]

   It reduces the accuracy of all your attacks.
   It enhances your air magic.
   rElec:     It insulates you from electricity.
   Fly:       It grants you flight.
   RMsl:      It protects you from missiles.
 H - the ring "Poetetun" (right hand) {Wiz rC++ rN+ Will+ Dex-3}
   (You took it off a kobold on level 7 of the Dungeon)

   [ring of wizardry]

   It improves your spell success rate.
   Dex:       It affects your dexterity (-3).
   rC:        It greatly protects you from cold.
   rN:        It protects you from negative energy.
   Will:      It increases your willpower.
 I - a +4 ring of protection (left hand)
 T - the ring of Lisiw {Ice Fly rN++ MP-9 SInv}
   (You found it in a Gauntlet)

   [ring of ice]

   It enhances your ice magic.
   rF:        It makes you vulnerable to fire.
   rC:        It protects you from cold.
   rN:        It greatly protects you from negative energy.
   MP:        It affects your magic capacity (-9).
   SInv:      It lets you see invisible.
   Fly:       It grants you flight.
Wands
 k - a wand of charming (3)
 r - a wand of paralysis (3)
 B - a wand of mindburst (11)
 L - a wand of polymorph (18)
 O - a wand of flame (9)
 S - a wand of iceblast (6)
Scrolls
 d - 4 scrolls of enchant weapon {unknown}
 i - 8 scrolls of teleportation
 t - 3 scrolls of summoning {unknown}
 w - a scroll of noise {unknown}
 x - 2 scrolls of immolation {unknown}
 y - 2 scrolls of vulnerability {unknown}
 D - a scroll of acquirement {unknown}
 F - a scroll of enchant armour {unknown}
 G - 4 scrolls of fear {unknown}
 J - a scroll of blinking {unknown}
 R - a scroll of holy word
 X - 3 scrolls of fog {unknown}
Potions
 c - 7 potions of curing
 g - a potion of mutation {!q}
 j - 11 potions of ambrosia
 q - 6 potions of lignification {!q}
 s - a potion of heal wounds
 v - 3 potions of brilliance
 z - a potion of might
 C - 4 potions of haste
Miscellaneous
 p - a phial of floods
 N - a lightning rod (4/4)
 U - a box of beasts
 V - a tin of tremorstones (2/2)
 W - a piece from Xom's chessboard (15/15)


   Skills:
 + Level 12.1 Fighting
 + Level 10.3 Short Blades
 + Level 10.3 Long Blades
 + Level 10.3 Axes
 + Level 12.1 Maces & Flails
 + Level 10.3 Polearms
 + Level 10.3 Staves
 + Level 10.3 Slings
 + Level 10.3 Bows
 + Level 10.3 Crossbows
 + Level 10.3 Throwing
 + Level 10.3 Armour
 + Level 12.1 Dodging
 + Level 11.1 Stealth
 + Level 10.3 Shields
 + Level 10.3 Unarmed Combat
 + Level 10.3 Spellcasting
 + Level 8.6 Conjurations
 + Level 8.6 Hexes
 + Level 8.6 Summonings
 + Level 8.6 Necromancy
 + Level 8.6 Translocations
 + Level 8.6 Transmutations
 + Level 8.6 Fire Magic
 + Level 8.6 Ice Magic
 + Level 8.6 Air Magic
 + Level 8.6 Earth Magic
 + Level 8.6 Poison Magic
 + Level 11.2 Invocations
 + Level 10.3 Evocations


You had 27 spell levels left.
You knew the following spells:

 Your Spells              Type           Power      Damage    Failure   Level
a - Apportation           Tloc           44%        N/A       38%         1
k - Lee's Rapid Deconstr  Erth           11%        3d9*      100%        5
x - Animate Skeleton      Necr           44%        N/A       38%         1

Your spell library contained the following spells:

 Spells                   Type           Power      Damage    Failure   Level
 Summon Small Mammal      Summ           88%        N/A       38%         1
 Ensorcelled Hibernation  Hex/Ice        44%        N/A       50%         2
 Passwall                 Tmut/Erth      18%        N/A       50%         2
 Static Discharge         Conj/Air       33%        N/A       50%         2
 Call Canine Familiar     Summ           22%        N/A       73%         3
 Inner Flame              Hex/Fire       22%        N/A       73%         3
 Portal Projectile        Hex/Tloc       44%        N/A       73%         3
 Swiftness                Air            33%        N/A       73%         3
 Cause Fear               Hex            11%        N/A       98%         4
 Dispel Undead            Necr           22%        3d12      98%         4
 Fulminant Prism          Conj/Hex       11%        3d9       98%         4
 Iskenderun's Mystic Bla  Conj/Tloc      22%        2d6       98%         4
 Leda's Liquefaction      Hex/Erth       11%        N/A       98%         4
 Sticky Flame             Conj/Fire      22%        2d4       98%         4
 Summon Mana Viper        Hex/Summ       22%        N/A       100%        5
 Dispersal                Tloc           11%        N/A       100%        6
 Discord                  Hex            11%        N/A       100%        8
 Disjunction              Tloc           11%        N/A       100%        8


Dungeon Overview and Level Annotations

Branches:
Dungeon (13/15)            Temple (0/1) D:7            Lair (6/6) D:10
 Shoals (0/4) Lair:4        Snake (0/4) Lair:3        Slime (0/5) Lair:5
    Orc (2/2) D:10            Elf (0/3) Orc:2        Vaults (0/5) D:13
Gauntlet (visited)

Altars:
Elyvilon
Gozag
Nemelex Xobeh
Okawaru
Ru
Uskayaw
Vehumet
Yredelemnul
The Shining One
Beogh

Shops:
D:2 (   D:9 [   Orc:2 *[:[

Annotations:
D:4 2 runed translucent doors, BorgnjorsVileCrotch's ghost, amateur MiFi
D:8 1 runed translucent door, Camille's ghost, novice MiFi
Lair:4 dig, exclusion: 4 oklob plants


Innate Abilities, Weirdness & Mutations

You have very sharp teeth.
Your uncanny sense of smell can sniff out nearby items.
Your experience applies equally to all skills.


Message History

The vault guard hits you but does no damage.
You hit the vault guard.
The vault guard is almost dead.
The vault guard hits you with a +3 great sword.
* * * LOW HITPOINT WARNING * * *
You miss the vault guard.
The vault guard is almost dead.
You block the vault guard's attack. x2
You barely miss the vault guard.
The vault guard is severely wounded.
You block the vault guard's attack.
You hit the vault guard.
You feel better.
Your bite misses the vault guard.
The vault guard is almost dead.
You block the vault guard's attack.
You closely miss the vault guard.
The vault guard is almost dead.
The vault guard hits you but does no damage.
You hit the vault guard but do no damage.
The vault guard is almost dead.
You block the vault guard's attack.
You barely miss the vault guard.
The vault guard is almost dead.
You block the vault guard's attack.
You miss the vault guard.
The vault guard is almost dead.
The vault guard hits you but does no damage. x2
You closely miss the vault guard.
You bite the vault guard, but do no damage.
The vault guard is almost dead.
You block the vault guard's attack.
You miss the vault guard.
You bite the vault guard, but do no damage.
The vault guard is severely wounded.
The vault guard hits you with a +3 great sword.
* * * LOW HITPOINT WARNING * * *
You barely miss the vault guard.
The vault guard is severely wounded.
The vault guard hits you with a +3 great sword!
You die...
Your body crumbles into a pile of gold.

#################################
.................................
##..............#).####..........
##..##..........#........##......
.............................##..
....##############'###+#####.##..
##..'.....##...........#...#.##..
....#.....##...[.p.....#.(.#.##..
....#....####'#$@##....##..#.##..
'####...)'....#..##....##..#.##..
...##....#....#..#.....##..'.##..
...##....#.##.#..#.....##..#.##..
...##....#....#..#.........#.##..
...#######....##'##........#.##..
...#####..........#........#.##..
...'...#.########.'....###.'.....
...#...#.########.###'####.###...


You could see a vault guard.

Vanquished Creatures
  Jorgrun (D:12)
  Kirke (D:12)
  Nessos (Orc:2)
  A minotaur (Gauntlet)
  2 dire elephants (Lair:6)
  2 ettins
  Fannar (D:10)
  2 boulder beetles
  5 hydras
  Erolcha (Orc:1)
  A vault guard (D:12)
  5 two-headed ogres
  2 centaur warriors (D:13)
  2 death scarabs (Gauntlet)
  5 death yaks
  An orc high priest (Orc:2)
  Sonja (Orc:1)
  A wretched star (Gauntlet)
  A spectral death yak (Lair:6)
  A spectral anaconda (Lair:6)
  Pikel (D:8)
  A spectral hydra (Gauntlet)
  9 orc knights
  An obsidian statue (Lair:6)
  A deep elf pyromancer (D:12)
  4 necromancers (Lair:6)
  3 orc sorcerers
  A cyclops (D:11)
  2 manticores
  18 elephants
  4 black mambas
  A guardian serpent (Lair:3)
  A dire elephant zombie (Lair:6)
  2 torpor snails
  14 cane toads
  4 rime drakes
  A gargoyle (D:11)
  An efreet (D:12)
  Psyche (D:8)
  Maggie (D:8)
  7 komodo dragons
  A kobold demonologist (D:12)
  6 meliai
  5 trolls
  2 polar bears
  2 queen bees
  5 slime creatures (D:13)
  Prince Ribbit (D:8)
  14 blink frogs
  4 spectral elephants (Lair:6)
  A spectral black mamba (Gauntlet)
  12 wyverns
  A vampire (D:9)
  2 wraiths
  9 yaks
  3 basilisks
  2 spectral komodo dragons (Gauntlet)
  7 hogs (D:12)
  3 neqoxecs (Gauntlet)
  A steam dragon (D:10)
  8 vampire mosquitoes
  11 wargs
  2 death yak simulacra (Lair:6)
  2 acid dragons
  14 water moccasins
  3 black bears
  42 orc warriors
  3 ice beasts (D:4)
  A sky beast (D:3)
  12 ogres
  3 necrophages
  An elephant skeleton (Lair:6)
  23 wolves
  5 centaurs
  3 kobold brigands
  8 bullfrogs
  Blork the orc (D:5)
  A wyvern zombie (D:8)
  2 scorpions
  A water moccasin zombie (D:5)
  3 cane toad simulacra (Lair:6)
  2 water moccasin skeletons
  An elephant simulacrum (Lair:6)
  70 killer bees
  3 howler monkeys
  8 wights
  2 centaur zombies
  2 hounds
  3 jellies
  15 orc priests
  A bullfrog skeleton (D:4)
  Jessica (D:2)
  An iguana (D:5)
  14 orc wizards
  A killer bee zombie (D:8)
  7 adders
  2 shadow imps (D:6)
  A white imp (D:8)
  An ufetubus (D:6)
  An adder skeleton (D:4)
  4 worms
  3 dart slugs
  104 orcs
  4 ball pythons
  4 bats
  6 endoplasms
  3 giant cockroaches
  4 goblins
  3 hobgoblins (D:1)
  3 jackals (D:3)
  4 quokkas
  3 frilled lizards
  17 kobolds
  6 rats
  A butterfly (Lair:5)
650 creatures vanquished.

Vanquished Creatures (others)
  An orc (D:10)
  20 fungi
  34 plants
  31 withered plants (Lair:6)
86 creatures vanquished.

Grand Total: 736 creatures vanquished

Notes
Turn   | Place    | Note
-------+----------+-------------------------------------------
     0 | D:1      | mopl the Gnoll Monk began the quest for the Orb.
     0 | D:1      | Reached XP level 1. HP: 23/23 MP: 1/1
   105 | D:1      | Found a faded altar of an unknown god.
   138 | D:1      | Reached XP level 2. HP: 12/29 MP: 2/2
   327 | D:1      | Prayed at the altar of an unknown god.
   327 | D:1      | Became a worshipper of Gozag Ym Sagoz the Greedy
   509 | D:1      | Reached XP level 3. HP: 22/35 MP: 3/3
   542 | D:1      | Learned a level 1 spell: Apportation
   544 | D:1      | Learned a level 1 spell: Animate Skeleton
   559 | D:1      | You fall into a shaft and drop 1 floor!
   824 | D:2      | Reached skill level 1 in Invocations
   931 | D:2      | Reached skill level 1 in Short Blades
   931 | D:2      | Reached skill level 1 in Long Blades
   931 | D:2      | Reached skill level 1 in Axes
   931 | D:2      | Reached skill level 1 in Polearms
   931 | D:2      | Reached skill level 1 in Staves
   931 | D:2      | Reached skill level 1 in Slings
   931 | D:2      | Reached skill level 1 in Bows
   931 | D:2      | Reached skill level 1 in Crossbows
   931 | D:2      | Reached skill level 1 in Throwing
   931 | D:2      | Reached skill level 1 in Armour
   931 | D:2      | Reached skill level 1 in Shields
   931 | D:2      | Reached skill level 1 in Unarmed Combat
   931 | D:2      | Reached skill level 1 in Spellcasting
   931 | D:2      | Reached skill level 1 in Evocations
  1199 | D:2      | Reached XP level 4. HP: 41/41 MP: 5/5
  1548 | D:2      | Noticed Jessica
  1554 | D:2      | Killed Jessica
  1555 | D:2      | Reached skill level 1 in Conjurations
  1555 | D:2      | Reached skill level 1 in Hexes
  1555 | D:2      | Reached skill level 1 in Summonings
  1555 | D:2      | Reached skill level 1 in Necromancy
  1555 | D:2      | Reached skill level 1 in Translocations
  1555 | D:2      | Reached skill level 1 in Transmutations
  1555 | D:2      | Reached skill level 1 in Fire Magic
  1555 | D:2      | Reached skill level 1 in Ice Magic
  1555 | D:2      | Reached skill level 1 in Air Magic
  1555 | D:2      | Reached skill level 1 in Earth Magic
  1555 | D:2      | Reached skill level 1 in Poison Magic
  1587 | D:2      | Found Levossus's Weapon Boutique.
  2084 | D:3      | Found a glowing golden altar of the Shining One.
  2225 | D:3      | Found a hide-covered altar of Uskayaw.
  2445 | D:3      | Reached XP level 5. HP: 45/47 MP: 6/6
  2688 | D:3      | Found the +18 Lear's hauberk
  2995 | D:3      | Noticed a sky beast
  3021 | D:3      | Killed a sky beast
  3022 | D:3      | Reached skill level 2 in Invocations
  3022 | D:3      | Reached XP level 6. HP: 53/53 MP: 8/8
  3332 | D:4      | Found a large runed translucent door.
  3333 | D:4      | Found a large runed translucent door.
  3336 | D:4      | Noticed BorgnjorsVileCrotch's ghost (amateur MiFi)
  3377 | D:4      | Reached skill level 2 in Short Blades
  3377 | D:4      | Reached skill level 2 in Long Blades
  3377 | D:4      | Reached skill level 2 in Axes
  3377 | D:4      | Reached skill level 2 in Polearms
  3377 | D:4      | Reached skill level 2 in Staves
  3377 | D:4      | Reached skill level 2 in Slings
  3377 | D:4      | Reached skill level 2 in Bows
  3377 | D:4      | Reached skill level 2 in Crossbows
  3377 | D:4      | Reached skill level 2 in Throwing
  3377 | D:4      | Reached skill level 2 in Armour
  3377 | D:4      | Reached skill level 2 in Shields
  3377 | D:4      | Reached skill level 2 in Unarmed Combat
  3377 | D:4      | Reached skill level 2 in Spellcasting
  3377 | D:4      | Reached skill level 2 in Evocations
  3546 | D:4      | Found a sacrificial altar of Ru.
  3650 | D:4      | Reached XP level 7. HP: 59/59 MP: 10/10
  3756 | D:4      | Found a transporter.
  3815 | D:4      | Reached skill level 7 in Fighting
  3815 | D:4      | Reached skill level 7 in Maces & Flails
  3815 | D:4      | Reached skill level 7 in Dodging
  4108 | D:4      | Found a transporter.
  4322 | D:4      | Reached skill level 2 in Conjurations
  4322 | D:4      | Reached skill level 2 in Hexes
  4322 | D:4      | Reached skill level 2 in Summonings
  4322 | D:4      | Reached skill level 2 in Necromancy
  4322 | D:4      | Reached skill level 2 in Translocations
  4322 | D:4      | Reached skill level 2 in Transmutations
  4322 | D:4      | Reached skill level 2 in Fire Magic
  4322 | D:4      | Reached skill level 2 in Ice Magic
  4322 | D:4      | Reached skill level 2 in Air Magic
  4322 | D:4      | Reached skill level 2 in Earth Magic
  4322 | D:4      | Reached skill level 2 in Poison Magic
  4335 | D:4      | Reached skill level 5 in Stealth
  4349 | D:4      | Reached skill level 3 in Invocations
  4551 | D:5      | Entered Level 5 of the Dungeon
  4647 | D:5      | Reached XP level 8. HP: 57/67 MP: 12/12
  4846 | D:5      | Reached skill level 3 in Short Blades
  4846 | D:5      | Reached skill level 3 in Long Blades
  4846 | D:5      | Reached skill level 3 in Axes
  4846 | D:5      | Reached skill level 3 in Polearms
  4846 | D:5      | Reached skill level 3 in Staves
  4846 | D:5      | Reached skill level 3 in Slings
  4846 | D:5      | Reached skill level 3 in Bows
  4846 | D:5      | Reached skill level 3 in Crossbows
  4846 | D:5      | Reached skill level 3 in Throwing
  4846 | D:5      | Reached skill level 3 in Armour
  4846 | D:5      | Reached skill level 3 in Shields
  4846 | D:5      | Reached skill level 3 in Unarmed Combat
  4846 | D:5      | Reached skill level 3 in Spellcasting
  4846 | D:5      | Reached skill level 3 in Evocations
  4895 | D:5      | Noticed Blork the orc
  4911 | D:5      | Killed Blork the orc
  5887 | D:6      | Reached skill level 3 in Conjurations
  5887 | D:6      | Reached skill level 3 in Hexes
  5887 | D:6      | Reached skill level 3 in Summonings
  5887 | D:6      | Reached skill level 3 in Necromancy
  5887 | D:6      | Reached skill level 3 in Translocations
  5887 | D:6      | Reached skill level 3 in Transmutations
  5887 | D:6      | Reached skill level 3 in Fire Magic
  5887 | D:6      | Reached skill level 3 in Ice Magic
  5887 | D:6      | Reached skill level 3 in Air Magic
  5887 | D:6      | Reached skill level 3 in Earth Magic
  5887 | D:6      | Reached skill level 3 in Poison Magic
  5887 | D:6      | Reached skill level 4 in Invocations
  6077 | D:6      | Reached XP level 9. HP: 62/73 MP: 14/14
  6333 | D:6      | Reached skill level 4 in Short Blades
  6333 | D:6      | Reached skill level 4 in Long Blades
  6333 | D:6      | Reached skill level 4 in Axes
  6333 | D:6      | Reached skill level 4 in Polearms
  6333 | D:6      | Reached skill level 4 in Staves
  6333 | D:6      | Reached skill level 4 in Slings
  6333 | D:6      | Reached skill level 4 in Bows
  6333 | D:6      | Reached skill level 4 in Crossbows
  6333 | D:6      | Reached skill level 4 in Throwing
  6333 | D:6      | Reached skill level 4 in Armour
  6333 | D:6      | Reached skill level 4 in Shields
  6333 | D:6      | Reached skill level 4 in Unarmed Combat
  6333 | D:6      | Reached skill level 4 in Spellcasting
  6333 | D:6      | Reached skill level 4 in Evocations
  6598 | D:6      | Reached skill level 6 in Stealth
  6831 | D:6      | Got the Incunabulum of Execration
  7351 | D:7      | Reached skill level 8 in Fighting
  7351 | D:7      | Reached skill level 8 in Maces & Flails
  7351 | D:7      | Reached skill level 8 in Dodging
  7415 | D:7      | Identified the ring "Poetetun" {Wiz rC++ rN+ Will+ Dex-3}
  7439 | D:7      | Reached skill level 5 in Invocations
  7607 | D:7      | Found a staircase to the Ecumenical Temple.
  7748 | D:7      | Found an iron altar of Okawaru.
  7970 | D:8      | Noticed Pikel
  8011 | D:8      | Noticed Prince Ribbit
  8013 | D:8      | Killed Pikel
  8014 | D:8      | Reached skill level 5 in Short Blades
  8014 | D:8      | Reached skill level 5 in Long Blades
  8014 | D:8      | Reached skill level 5 in Axes
  8014 | D:8      | Reached skill level 5 in Polearms
  8014 | D:8      | Reached skill level 5 in Staves
  8014 | D:8      | Reached skill level 5 in Slings
  8014 | D:8      | Reached skill level 5 in Bows
  8014 | D:8      | Reached skill level 5 in Crossbows
  8014 | D:8      | Reached skill level 5 in Throwing
  8014 | D:8      | Reached skill level 5 in Armour
  8014 | D:8      | Reached skill level 5 in Shields
  8014 | D:8      | Reached skill level 5 in Unarmed Combat
  8014 | D:8      | Reached skill level 5 in Spellcasting
  8014 | D:8      | Reached skill level 4 in Conjurations
  8014 | D:8      | Reached skill level 4 in Hexes
  8014 | D:8      | Reached skill level 4 in Summonings
  8014 | D:8      | Reached skill level 4 in Necromancy
  8014 | D:8      | Reached skill level 4 in Translocations
  8014 | D:8      | Reached skill level 4 in Transmutations
  8014 | D:8      | Reached skill level 4 in Fire Magic
  8014 | D:8      | Reached skill level 4 in Ice Magic
  8014 | D:8      | Reached skill level 4 in Air Magic
  8014 | D:8      | Reached skill level 4 in Earth Magic
  8014 | D:8      | Reached skill level 4 in Poison Magic
  8014 | D:8      | Reached skill level 5 in Evocations
  8014 | D:8      | Reached XP level 10. HP: 64/81 MP: 17/17
  8045 | D:8      | Killed Prince Ribbit
  8240 | D:8      | Found a sparkling altar of Nemelex Xobeh.
  8347 | D:8      | Noticed Maggie
  8349 | D:8      | Noticed Psyche
  8378 | D:8      | Killed Psyche
  8381 | D:8      | Killed Maggie
  8552 | D:8      | Found a basalt altar of Yredelemnul.
  8580 | D:8      | Noticed a two-headed ogre
  8608 | D:8      | Killed a two-headed ogre
  8609 | D:8      | Reached skill level 7 in Stealth
  8609 | D:8      | Reached skill level 6 in Invocations
  8753 | D:8      | Found a runed translucent door.
  8757 | D:8      | Identified the +7 spear "Sebaonar" {speed, Str+3}
  8757 | D:8      | Noticed Camille's ghost (novice MiFi)
  9016 | D:9      | HP: 5/123 [something (6)]
  9634 | D:9      | Noticed a two-headed ogre
  9662 | D:9      | Killed a two-headed ogre
  9663 | D:9      | Reached XP level 11. HP: 47/87 MP: 19/19
 10192 | D:9      | Found a white marble altar of Elyvilon.
 10192 | D:9      | Found a faded altar of an unknown god.
 10214 | D:9      | Found an opulent altar of Gozag.
 10217 | D:9      | Found a faded altar of an unknown god.
 10219 | D:9      | Found a radiant altar of Vehumet.
 10252 | D:9      | Found Qafomasocu's Armour Emporium.
 10299 | D:9      | Noticed a two-headed ogre
 10328 | D:9      | Killed a two-headed ogre
 10329 | D:9      | Reached skill level 9 in Fighting
 10329 | D:9      | Reached skill level 6 in Short Blades
 10329 | D:9      | Reached skill level 6 in Long Blades
 10329 | D:9      | Reached skill level 6 in Axes
 10329 | D:9      | Reached skill level 9 in Maces & Flails
 10329 | D:9      | Reached skill level 6 in Polearms
 10329 | D:9      | Reached skill level 6 in Staves
 10329 | D:9      | Reached skill level 6 in Slings
 10329 | D:9      | Reached skill level 6 in Bows
 10329 | D:9      | Reached skill level 6 in Crossbows
 10329 | D:9      | Reached skill level 6 in Throwing
 10329 | D:9      | Reached skill level 6 in Armour
 10329 | D:9      | Reached skill level 9 in Dodging
 10329 | D:9      | Reached skill level 6 in Shields
 10329 | D:9      | Reached skill level 6 in Unarmed Combat
 10329 | D:9      | Reached skill level 6 in Spellcasting
 10329 | D:9      | Reached skill level 5 in Conjurations
 10329 | D:9      | Reached skill level 5 in Hexes
 10329 | D:9      | Reached skill level 5 in Summonings
 10329 | D:9      | Reached skill level 5 in Necromancy
 10329 | D:9      | Reached skill level 5 in Translocations
 10329 | D:9      | Reached skill level 5 in Transmutations
 10329 | D:9      | Reached skill level 5 in Fire Magic
 10329 | D:9      | Reached skill level 5 in Ice Magic
 10329 | D:9      | Reached skill level 5 in Air Magic
 10329 | D:9      | Reached skill level 5 in Earth Magic
 10329 | D:9      | Reached skill level 5 in Poison Magic
 10329 | D:9      | Reached skill level 6 in Evocations
 10339 | D:9      | Identified the +9 spear of the Final Decision {drain, rC-
                  | Will+ Str+3}
 10751 | D:10     | Entered Level 10 of the Dungeon
 10844 | D:10     | Noticed Fannar
 10911 | D:10     | Killed Fannar
 11118 | D:10     | Found a staircase to the Lair.
 11245 | D:10     | Noticed a two-headed ogre
 11254 | D:10     | Killed a two-headed ogre
 11255 | D:10     | Reached skill level 7 in Invocations
 11320 | D:10     | Found a staircase to the Orcish Mines.
 11666 | Lair:1   | Entered Level 1 of the Lair of Beasts
 11672 | Lair:1   | Noticed a four-headed hydra
 11681 | Lair:1   | Killed a one-headed hydra
 12019 | Lair:1   | Reached skill level 8 in Stealth
 12166 | D:9      | Bought the +12 crystal plate armour of Twilight {Str+2} for
                  | 2124 gold pieces
 12329 | Lair:1   | Reached XP level 12. HP: 96/96 MP: 22/22
 12351 | Lair:1   | Reached skill level 7 in Short Blades
 12351 | Lair:1   | Reached skill level 7 in Long Blades
 12351 | Lair:1   | Reached skill level 7 in Axes
 12351 | Lair:1   | Reached skill level 7 in Polearms
 12351 | Lair:1   | Reached skill level 7 in Staves
 12351 | Lair:1   | Reached skill level 7 in Slings
 12351 | Lair:1   | Reached skill level 7 in Bows
 12351 | Lair:1   | Reached skill level 7 in Crossbows
 12351 | Lair:1   | Reached skill level 7 in Throwing
 12351 | Lair:1   | Reached skill level 7 in Armour
 12351 | Lair:1   | Reached skill level 7 in Shields
 12351 | Lair:1   | Reached skill level 7 in Unarmed Combat
 12351 | Lair:1   | Reached skill level 7 in Spellcasting
 12351 | Lair:1   | Reached skill level 7 in Evocations
 12417 | Lair:1   | Noticed a six-headed hydra
 12428 | Lair:1   | Killed a one-headed hydra
 12696 | Lair:1   | Noticed a seven-headed hydra
 12706 | Lair:1   | Killed a one-headed hydra
 12707 | Lair:1   | Reached skill level 6 in Conjurations
 12707 | Lair:1   | Reached skill level 6 in Hexes
 12707 | Lair:1   | Reached skill level 6 in Summonings
 12707 | Lair:1   | Reached skill level 6 in Necromancy
 12707 | Lair:1   | Reached skill level 6 in Translocations
 12707 | Lair:1   | Reached skill level 6 in Transmutations
 12707 | Lair:1   | Reached skill level 6 in Fire Magic
 12707 | Lair:1   | Reached skill level 6 in Ice Magic
 12707 | Lair:1   | Reached skill level 6 in Air Magic
 12707 | Lair:1   | Reached skill level 6 in Earth Magic
 12707 | Lair:1   | Reached skill level 6 in Poison Magic
 13080 | Lair:2   | Reached skill level 8 in Invocations
 13318 | Lair:2   | Reached skill level 10 in Fighting
 13318 | Lair:2   | Reached skill level 10 in Maces & Flails
 13318 | Lair:2   | Reached skill level 10 in Dodging
 13426 | Lair:2   | You fall into a shaft and drop 1 floor!
 13974 | Lair:3   | Noticed an eight-headed hydra
 13997 | Lair:3   | Killed a one-headed hydra
 14503 | Lair:3   | Found a staircase to the Snake Pit.
 15130 | Lair:4   | Reached skill level 9 in Stealth
 15130 | Lair:4   | Reached XP level 13. HP: 84/103 MP: 24/24
 15552 | Lair:5   | Reached skill level 8 in Short Blades
 15552 | Lair:5   | Reached skill level 8 in Long Blades
 15552 | Lair:5   | Reached skill level 8 in Axes
 15552 | Lair:5   | Reached skill level 8 in Polearms
 15552 | Lair:5   | Reached skill level 8 in Staves
 15552 | Lair:5   | Reached skill level 8 in Slings
 15552 | Lair:5   | Reached skill level 8 in Bows
 15552 | Lair:5   | Reached skill level 8 in Crossbows
 15552 | Lair:5   | Reached skill level 8 in Throwing
 15552 | Lair:5   | Reached skill level 8 in Armour
 15552 | Lair:5   | Reached skill level 8 in Shields
 15552 | Lair:5   | Reached skill level 8 in Unarmed Combat
 15552 | Lair:5   | Reached skill level 8 in Spellcasting
 15552 | Lair:5   | Reached skill level 8 in Evocations
 16158 | Lair:4   | Found a staircase to the Shoals.
 16292 | Lair:4   | Reached skill level 9 in Invocations
 16918 | Lair:5   | Reached skill level 7 in Conjurations
 16918 | Lair:5   | Reached skill level 7 in Hexes
 16918 | Lair:5   | Reached skill level 7 in Summonings
 16918 | Lair:5   | Reached skill level 7 in Necromancy
 16918 | Lair:5   | Reached skill level 7 in Translocations
 16918 | Lair:5   | Reached skill level 7 in Transmutations
 16918 | Lair:5   | Reached skill level 7 in Fire Magic
 16918 | Lair:5   | Reached skill level 7 in Ice Magic
 16918 | Lair:5   | Reached skill level 7 in Air Magic
 16918 | Lair:5   | Reached skill level 7 in Earth Magic
 16918 | Lair:5   | Reached skill level 7 in Poison Magic
 17217 | Lair:5   | Found a staircase to the Slime Pits.
 17922 | Lair:6   | Entered Level 6 of the Lair of Beasts
 18300 | Lair:6   | Noticed a dire elephant
 18301 | Lair:6   | Noticed a dire elephant
 18709 | Lair:5   | Reached skill level 11 in Fighting
 18709 | Lair:5   | Reached skill level 11 in Maces & Flails
 18709 | Lair:5   | Reached skill level 11 in Dodging
 18880 | Lair:5   | Reached XP level 14. HP: 84/113 MP: 26/26
 19138 | Lair:6   | Reached skill level 9 in Short Blades
 19138 | Lair:6   | Reached skill level 9 in Long Blades
 19138 | Lair:6   | Reached skill level 9 in Axes
 19138 | Lair:6   | Reached skill level 9 in Polearms
 19138 | Lair:6   | Reached skill level 9 in Staves
 19138 | Lair:6   | Reached skill level 9 in Slings
 19138 | Lair:6   | Reached skill level 9 in Bows
 19138 | Lair:6   | Reached skill level 9 in Crossbows
 19138 | Lair:6   | Reached skill level 9 in Throwing
 19138 | Lair:6   | Reached skill level 9 in Armour
 19138 | Lair:6   | Reached skill level 9 in Shields
 19138 | Lair:6   | Reached skill level 9 in Unarmed Combat
 19138 | Lair:6   | Reached skill level 9 in Spellcasting
 19138 | Lair:6   | Reached skill level 9 in Evocations
 19222 | Lair:5   | Reached skill level 10 in Stealth
 19902 | Lair:6   | Reached skill level 10 in Invocations
 20254 | Lair:6   | Killed a dire elephant
 20270 | Lair:6   | Killed a dire elephant
 21331 | Lair:6   | Learned a level 5 spell: Lee's Rapid Deconstruction
 21544 | Orc:1    | Entered Level 1 of the Orcish Mines
 21584 | Orc:1    | Noticed Sonja
 21863 | Orc:1    | Killed Sonja
 22006 | Orc:1    | Noticed Erolcha
 22246 | Orc:1    | Killed Erolcha
 22796 | Orc:2    | Entered Level 2 of the Orcish Mines
 22798 | Orc:2    | Found a gate leading to a gauntlet.
 22813 | Orc:2    | Reached skill level 8 in Conjurations
 22813 | Orc:2    | Reached skill level 8 in Hexes
 22813 | Orc:2    | Reached skill level 8 in Summonings
 22813 | Orc:2    | Reached skill level 8 in Necromancy
 22813 | Orc:2    | Reached skill level 8 in Translocations
 22813 | Orc:2    | Reached skill level 8 in Transmutations
 22813 | Orc:2    | Reached skill level 8 in Fire Magic
 22813 | Orc:2    | Reached skill level 8 in Ice Magic
 22813 | Orc:2    | Reached skill level 8 in Air Magic
 22813 | Orc:2    | Reached skill level 8 in Earth Magic
 22813 | Orc:2    | Reached skill level 8 in Poison Magic
 22817 | Gauntlet | Entered a Gauntlet
 22817 | Gauntlet | Found a transporter.
 22820 | Gauntlet | Found a transporter.
 22821 | Gauntlet | Found the amulet of the Air {Inacc Air Fly rElec RMsl}
 22835 | Gauntlet | Found a transporter.
 22836 | Gauntlet | Found a transporter.
 22851 | Gauntlet | Found a transporter.
 22855 | Gauntlet | Found the +2 Maxwell's thermic engine {flame, freeze}
 22866 | Gauntlet | Found a transporter.
 22879 | Gauntlet | Found a transporter.
 22896 | Gauntlet | Found a transporter.
 22900 | Gauntlet | Found a transporter.
 22913 | Gauntlet | Found a transporter.
 22929 | Gauntlet | Found a transporter.
 22931 | Gauntlet | Found a transporter.
 23307 | Gauntlet | Gained mutation: You have a pair of small antennae on your
                  | head. [a neqoxec]
 23308 | Gauntlet | Lost mutation: You have a pair of small antennae on your
                  | head. [a neqoxec]
 23312 | Gauntlet | Identified the ring of Lisiw {Ice Fly rN++ MP-9 SInv}
 23557 | Gauntlet | Upgraded the game from 0.28-b1-25-g9875b3fc8c to 0.28.0
 23566 | Gauntlet | Identified the +6 dire flail "Demonslayer" {vorpal, Dex+6}
 23595 | Gauntlet | Identified the +7 tower shield of Kur Zatz {Drain rC+++
                  | rCorr Dex-3}
 23894 | Orc:2    | Reached XP level 15. HP: 105/120 MP: 28/28
 24719 | Orc:2    | Noticed Nessos
 24795 | Orc:2    | Killed Nessos
 25448 | Orc:2    | Reached skill level 10 in Short Blades
 25448 | Orc:2    | Reached skill level 10 in Long Blades
 25448 | Orc:2    | Reached skill level 10 in Axes
 25448 | Orc:2    | Reached skill level 10 in Polearms
 25448 | Orc:2    | Reached skill level 10 in Staves
 25448 | Orc:2    | Reached skill level 10 in Slings
 25448 | Orc:2    | Reached skill level 10 in Bows
 25448 | Orc:2    | Reached skill level 10 in Crossbows
 25448 | Orc:2    | Reached skill level 10 in Throwing
 25448 | Orc:2    | Reached skill level 10 in Armour
 25448 | Orc:2    | Reached skill level 10 in Shields
 25448 | Orc:2    | Reached skill level 10 in Unarmed Combat
 25448 | Orc:2    | Reached skill level 10 in Spellcasting
 25448 | Orc:2    | Reached skill level 10 in Evocations
 25659 | Orc:2    | Found Xoisoh's Armour Shoppe.
 25659 | Orc:2    | Found Istiemill's Book Shop.
 25886 | Orc:2    | Found a staircase to the Elven Halls.
 25973 | Orc:2    | Found Valashroy's Armour Shoppe.
 25973 | Orc:2    | Found Soorav's Assorted Antiques.
 25987 | Orc:2    | Bought a scroll of identify for 60 gold pieces
 25987 | Orc:2    | Bought a scroll labelled WOLUG APNION for 30 gold pieces
 25987 | Orc:2    | Bought a scroll of identify for 60 gold pieces
 25987 | Orc:2    | Bought a scroll labelled LATODI UNWEU for 30 gold pieces
 25992 | Orc:2    | Bought a runed scarf for 240 gold pieces
 26779 | D:11     | Reached skill level 11 in Invocations
 26933 | D:11     | Reached skill level 12 in Fighting
 26933 | D:11     | Reached skill level 12 in Maces & Flails
 26933 | D:11     | Reached skill level 12 in Dodging
 27481 | D:12     | Noticed Kirke
 27486 | D:12     | Reached skill level 11 in Stealth
 27942 | D:12     | Killed Kirke
 28010 | D:12     | Noticed Jorgrun
 28027 | D:12     | Killed Jorgrun
 28533 | D:13     | Found a gate to the Vaults.
 28977 | D:12     | Slain by a vault guard

Illustrated notes

Levels and vault maps discovered:
D:1:      minmay_arrival_arboretum_small, layout_rooms,
          shapermc_ecumenical_altar_flowoftime
D:2:      layout_basic, serial_shops, nicolae_shop_statue_plus, uniq_jessica
D:3:      layout_basic, mainiacjoe_overflow_surrounded_room,
          nicolae_uskayaw_murder_on_the_dancefloor, minivault_25
D:4:      gammafunk_cloud_chamber, layout_loops_ring, nicolae_ru_path_of_blood,
          ebering_ghost_disaster_area
D:5:      layout_loops_ring, uniq_blork_the_orc
D:6:      layout_basic
D:7:      layout_loops_corners, okawaru_ov_weapons_minmay, temple_pool_b
D:8:      layout_rooms, nemelex_diamond_rough_becter, kennysheep_mini,
          ebering_ghost_funeral_grove, chequers_serial_rivers_micro_e, hex_tiny,
          chequers_serial_rivers_micro_c, chequers_serial_rivers_micro_d,
          uniq_pikel, uniq_prince_ribbit1, uniq_psyche, uniq_maggie
D:9:      layout_basic, chequers_temple_overflow_minitemple,
          minmay_shop_grid_forest, grunt_decor_resistance
D:10:     layout_loops_ring, erik_lair_orcish_takeover, david_orc_3, uniq_fannar
D:11:     layout_basic, special_room [special_room_orc],
          kennysheep_generic_room_9
D:12:     layout_stronghold, uniq_jorgrun, uniq_kirke
D:13:     layout_rooms, lightli_vaults_fourway_checkpoint, minmay_checkerbox
Lair:1:   layout_concentric_octagons, grunt_megastairs_2, serial_bayou_shore_b,
          infiniplex_staircase_pool_2
Lair:2:   layout_big_grid, grunt_megastairs_5
Lair:3:   layout_cave_pods, minmay_snake_entry_spellcaster
Lair:4:   hangedman_what_comes_after_a, layout_misc_corridors,
          shoals_dummy_entry
Lair:5:   layout_long_grid, slime_dummy, special_room [special_room_bee],
          eino_small_chamber_without_monster, lemuel_fruit_fields
Lair:6:   due_jungle_book, layout_gridlike, chequers_serial_rivers_large_a,
          grunt_megastairs_3
Orc:1:    layout_caves, uniq_erolcha, uniq_sonja
Orc:2:    st_orc_town, layout_diamond_mine, gauntlet_entry_generic, uniq_nessos

Skill      XL: |  1  2  3  4  5  6  7  8  9 10 11 12 13 14 15 |
---------------+----------------------------------------------+-----
Invocations    | 1 2 3 4 5 6 7 8 9 10 11 | 11.2
Short Blades   | 1 2 3 5 6 7 8 9 10 | 10.3
Long Blades    | 1 2 3 5 6 7 8 9 10 | 10.3
Axes           | 1 2 3 5 6 7 8 9 10 | 10.3
Polearms       | 1 2 3 5 6 7 8 9 10 | 10.3
Staves         | 1 2 3 5 6 7 8 9 10 | 10.3
Slings         | 1 2 3 5 6 7 8 9 10 | 10.3
Bows           | 1 2 3 5 6 7 8 9 10 | 10.3
Crossbows      | 1 2 3 5 6 7 8 9 10 | 10.3
Throwing       | 1 2 3 5 6 7 8 9 10 | 10.3
Armour         | 1 2 3 5 6 7 8 9 10 | 10.3
Shields        | 1 2 3 5 6 7 8 9 10 | 10.3
Unarmed Combat | 1 2 3 5 6 7 8 9 10 | 10.3
Spellcasting   | 1 2 3 5 6 7 8 9 10 | 10.3
Evocations     | 1 2 3 5 6 7 8 9 10 | 10.3
Conjurations   | 1 2 3 4 5 6 7 8 |  8.6
Hexes          | 1 2 3 4 5 6 7 8 |  8.6
Summonings     | 1 2 3 4 5 6 7 8 |  8.6
Necromancy     | 1 2 3 4 5 6 7 8 |  8.6
Translocations | 1 2 3 4 5 6 7 8 |  8.6
Transmutations | 1 2 3 4 5 6 7 8 |  8.6
Fire Magic     | 1 2 3 4 5 6 7 8 |  8.6
Ice Magic      | 1 2 3 4 5 6 7 8 |  8.6
Air Magic      | 1 2 3 4 5 6 7 8 |  8.6
Earth Magic    | 1 2 3 4 5 6 7 8 |  8.6
Poison Magic   | 1 2 3 4 5 6 7 8 |  8.6
Fighting       | 7 8 9 10 11 12 | 12.1
Maces & Flails | 7 8 9 10 11 12 | 12.1
Dodging        | 7 8 9 10 11 12 | 12.1
Stealth        | 5 6 7 8 9 10 11 | 11.1

Action                   |  1- 3 |  4- 6 |  7- 9 | 10-12 | 13-15 || total
-------------------------+-------+-------+-------+-------+-------++-------
Melee: Mace              |    90 |     3 |       |       |       ||    93
       Bite              |     6 |    25 |    85 |   134 |   326 ||   576
       Punch             |     4 |       |       |       |       ||     4
       Whip              |       |   170 |   518 |   325 |       ||  1013
       Falchion          |       |       |    11 |       |       ||    11
       Hand axe          |       |       |    45 |    45 |    25 ||   115
       Unarmed           |       |       |       |     3 |     2 ||     5
       Spear             |       |       |       |   510 |  2162 ||  2672
       Broad axe         |       |       |       |       |   275 ||   275
       Double sword      |       |       |       |       |    18 ||    18
Throw: Dart              |       |       |       |     9 |    10 ||    19
 Cast: Lee's Rapid Decon |       |       |       |       |     4 ||     4
Invok: Potion Petition   |       |       |       |       |     2 ||     2
Evoke: Lightning rod     |       |       |       |       |     3 ||     3
       Wand              |       |       |       |       |     2 ||     2
       Box of beasts     |       |       |       |       |     1 ||     1
       Phial of floods   |       |       |       |       |     1 ||     1
  Use: Potion            |       |       |     1 |     3 |     1 ||     5
       Scroll            |       |       |     5 |     5 |     7 ||    17
 Stab: Sleeping          |     3 |     4 |       |       |       ||     7
       Distracted        |       |     1 |       |     4 |     8 ||    13
       Petrified         |       |       |       |     4 |       ||     4
       Petrifying        |       |       |       |     2 |       ||     2
       Paralysed         |       |       |       |       |     2 ||     2
Armor: Robe              |     8 |       |       |       |       ||     8
       Ring mail         |     5 |    13 |       |       |       ||    18
       Leather armour    |     2 |       |       |       |       ||     2
       Chain mail        |       |    42 |   288 |   253 |       ||   583
       Skin              |       |       |       |     4 |     1 ||     5
       Crystal plate arm |       |       |       |   266 |  1706 ||  1972
Dodge: Dodged            |    77 |    52 |   174 |   227 |   411 ||   941
       Repelled          |       |       |       |       |     5 ||     5
Block: Buckler           |       |    21 |   105 |   145 |       ||   271
       Kite shield       |       |       |       |    71 |  1358 ||  1429
